 Seeded DCSS version 0.27-a0-1140-g099f9bb0e8 (webtiles) character file.

Game seed: 8004763643530302322 (custom seed)

64918 oldmanjim the Messiah (level 15, -7/130 HPs)
             Began as a Hill Orc Fighter on Apr 23, 2021.
             Was the Champion of Beogh.
             Mangled by a komodo dragon (29 damage)
             ... on level 6 of the Lair of Beasts on May 8, 2021.
             The game lasted 03:05:00 (26025 turns).

oldmanjim the Messiah (Hill Orc Fighter)           Turns: 26025, Time: 03:05:01

Health: -7/130     AC: 14    Str: 31    XL:     15   Next: 14%
Magic:  27/27      EV: 14    Int:  9    God:    Beogh [******]
Gold:   1030       SH: 16    Dex: 16    Spells: 14/14 levels left

rFire    . . .     SeeInvis +   a - +11 flail "Zaplento" {holy, Dex+4 Stlth+}
rCold    . . .     Faith    .   T - +1 kite shield {AC+3}
rNeg     . . .     Spirit   .   s - +2 leather armour "Kasuga" {rPois Will+++ Dex+2 SInv}
rPois    +         Reflect  .   (no helmet)
rElec    .         Harm     .   M - +1 cloak
rCorr    .         Rampage  .   (no gloves)
Will     +++++                  R - +2 pair of boots
Stlth    ++........             P - amulet of regeneration
HPRegen  1.31/turn              e - ring of willpower
MPRegen  0.20/turn              t - +6 ring of strength

@: no status effects
A: walk on water
a: Renounce Religion, Smiting, Recall Orcish Followers, Give Item to Named
Follower, Resurrection


You were on level 6 of the Lair of Beasts.
You worshipped Beogh.
Beogh was exalted by your worship.
You visited 3 branches of the dungeon, and saw 19 of its levels.
You also visited: Ossuary and Ice Cave.

You collected 1056 gold pieces.
You spent 26 gold pieces at shops.

Inventory:

Hand Weapons
 a - the +11 flail "Zaplento" (weapon) {holy, Dex+4 Stlth+}
   (You found it on level 6 of the Dungeon)

   It has been blessed by the Shining One to cause great damage to the undead
   and demons.
   It affects your dexterity (+4).
   It makes you more stealthy.
 b - a +1 hunting sling of flaming
 o - the +7 great mace "Undeadhunter" {disrupt, rN+}
   (You found it in an ice cave)

   It protects you from negative energy.
 v - a +5 longbow of flaming
 H - a +1 hand axe of electrocution
Missiles
 c - 2 throwing nets
 h - 135 sling bullets
 j - 49 poisoned darts
 l - 3 atropa-tipped darts
 p - 4 silver boomerangs (quivered)
 z - 10 javelins
Armour
 s - the +2 leather armour "Kasuga" (worn) {rPois Will+++ Dex+2 SInv}
   (You found it on level 4 of the Dungeon)

   It affects your dexterity (+2).
   It protects you from poison.
   It lets you see invisible.
   It greatly increases your willpower.
 M - a +1 cloak (worn)
 R - a +2 pair of boots (worn)
 T - a +1 kite shield of protection (worn)
Magical Staves
 Q - a staff of cold
Jewellery
 e - a ring of willpower (left hand)
 t - a +6 ring of strength (right hand)
 P - an amulet of regeneration (around neck)
 Y - the ring "Qanol" {Fire Dex+4}
   (You found it on level 1 of the Lair of Beasts)

   [ring of fire]

   It enhances your fire magic.
   It affects your dexterity (+4).
   It protects you from fire.
   It makes you vulnerable to cold.
Wands
 i - a wand of acid (10)
 n - a wand of flame (12)
 r - a wand of iceblast (11)
 I - a wand of mindburst (13)
 J - a wand of polymorph (14)
 N - a wand of digging (10)
 X - a wand of charming (6)
 Z - a wand of paralysis (18)
Scrolls
 g - a scroll of identify
 k - a scroll of fear
 q - a scroll of acquirement {unknown}
 u - 5 scrolls of teleportation
 w - a scroll of magic mapping
 A - 4 scrolls of blinking
 K - 4 scrolls of enchant weapon
 L - 4 scrolls of enchant armour
 V - 2 scrolls of fog
Potions
 d - 3 potions of might
 f - 6 potions of haste
 x - 12 potions of curing
 B - 2 potions of ambrosia
 C - 2 potions of brilliance
 D - 4 potions of lignification
 E - a potion of invisibility
 F - 6 potions of flight
 G - a potion of berserk rage
 O - a potion of attraction
 W - 3 potions of mutation


   Skills:
 + Level 11.5 Fighting
 - Level 16.0 Axes
 - Level 0.5 Slings
 + Level 6.7 Armour
 - Level 5.0 Dodging
 - Level 15.0 Shields
 + Level 16.1 Invocations
 - Level 5.0 Evocations


You had 14 spell levels left.
You didn't know any spells.
Your spell library contained the following spells:

 Spells                   Type           Power      Damage    Failure   Level
 Animate Skeleton         Necr           0%         N/A       41%         1
 Freeze                   Ice            0%         1d3       41%         1
 Magic Dart               Conj           0%         1d3       41%         1
 Pain                     Necr           0%         1d4       41%         1
 Shock                    Conj/Air       0%         1d3       41%         1
 Sting                    Tmut/Pois      0%         1d3       41%         1
 Poisonous Vapours        Pois/Air       0%         N/A       56%         2
 Searing Ray              Conj           0%         3d3       56%         2
 Static Discharge         Conj/Air       0%         N/A       56%         2
 Confusing Touch          Hex            0%         N/A       80%         3
 Dazzling Flash           Conj/Hex       0%         N/A       80%         3
 Frozen Ramparts          Ice            0%         1d2       80%         3
 Gell's Gravitas          Tloc           0%         N/A       80%         3
 Ignite Poison            Fire/Tmut/Pois 0%         N/A       80%         3
 Mephitic Cloud           Conj/Pois/Air  0%         N/A       80%         3
 Ozocubu's Armour         Ice            0%         N/A       80%         3
 Swiftness                Air            0%         N/A       80%         3
 Vampiric Draining        Necr           0%         2d6       80%         3
 Airstrike                Air            0%         N/A       99%         4
 Animate Dead             Necr           0%         N/A       99%         4
 Fulminant Prism          Conj/Hex       0%         3d6       99%         4
 Hailstorm                Conj/Ice       0%         3d3       99%         4
 Iskenderun's Mystic Bla  Conj/Tloc      0%         2d3       99%         4
 Olgreb's Toxic Radiance  Pois           0%         N/A       99%         4
 Petrify                  Tmut/Erth      0%         N/A       99%         4
 Agony                    Necr           0%         N/A       100%        5
 Bolt of Magma            Conj/Fire/Erth 0%         4d4       100%        5
 Iskenderun's Battlesphe  Conj           0%         2d6       100%        5
 Lightning Bolt           Conj/Air       0%         1d11      100%        5
 Metabolic Englaciation   Hex/Ice        0%         N/A       100%        5
 Yara's Violent Unravell  Hex/Tmut       0%         3d3       100%        5
 Iron Shot                Conj/Erth      0%         9d1       100%        6
 Orb of Destruction       Conj           0%         N/A       100%        7
 Spellforged Servitor     Conj/Summ      0%         N/A       100%        7


Dungeon Overview and Level Annotations

Branches:
Dungeon (12/15)            Temple (0/1) D:4            Lair (6/6) D:8
  Swamp (0/4) Lair:3        Snake (0/4) Lair:4          Orc (1/2) D:10
Ossuary (visited)           IceCv (visited)
  Slime: Lair:5-6

Altars:
Cheibriados
Hepliaklqana
Kikubaaqudgha
Zin

Shops:
D:1 :   D:2 *[(*   D:6 *

Annotations:
D:12 Jorgrun


Message History

Your orc warrior looks more experienced.
You feel sick. You block the wyvern's attack. x2
Your leather armour "Kasuga" prevents you from hitting the komodo dragon.
You feel sick. The komodo dragon misses you. The wyvern closely misses you.
You sock the komodo dragon!
The komodo dragon is moderately wounded.
You feel sick. You block the wyvern's attack. The komodo dragon bites you!!
You block the wyvern's attack.
You sock the wyvern!
The wyvern is heavily wounded.
You feel sick. You block the komodo dragon's attack.
The wyvern bites you but does no damage.
You hit the wyvern.
The wyvern is severely wounded.
You feel sick.
You are no longer poisoned.
You block the wyvern's attack. The komodo dragon closely misses you.
You closely miss the wyvern.
The wyvern is severely wounded.
The wyvern completely misses you. The komodo dragon closely misses you.
You block the wyvern's attack.
You bludgeon the wyvern!!
You kill the wyvern!
Beogh accepts your kill.
Beogh blesses Oruk with healing.
The komodo dragon bites you!!
* * * LOW HITPOINT WARNING * * *
Unknown command.
You closely miss the komodo dragon.
The komodo dragon is lightly wounded.
The komodo dragon bites you!
* * * LOW HITPOINT WARNING * * *
Unknown command.
You closely miss the komodo dragon.
The komodo dragon is lightly wounded.
You block the komodo dragon's attack.
You sock the komodo dragon!
The komodo dragon is heavily wounded.
Orik looks encouraged for a moment.
The komodo dragon bites you!!
You die...

..# P.### # ....####
##### P# ...##..####
##.#.### P.#
.....?..P.###P...P.# ....
...................#.....
.....###......##.........
....## ########o#o#....?#
##### ##@## ....# #†l#
.... #..# ... .... ..
..... . ......# ........
.........


You could see a komodo dragon (ally target), the friendly Oruk the orc warrior
and the friendly Orik the orc priest.

Vanquished Creatures
  A frost giant (IceCv)
  Josephine (D:10)
  A boulder beetle (D:10)
  3 hydras
  A catoblepas (Lair:2)
  Erica (D:10)
  2 two-headed ogres
  4 death yaks
  Urug (D:10)
  A wizard (D:9)
  An ugly thing (D:11)
  The ghost of bilbop the Magician, a novice DjCj of Yredelemnul (D:5)
  4 black mambas
  A cyclops (D:11)
  2 elephants
  12 cane toads
  A torpor snail (Lair:5)
  6 komodo dragons
  2 rime drakes
  2 ice devils (Lair:2)
  4 polar bears (IceCv)
  A troll (D:11)
  Grinder (D:6)
  6 dream sheep
  22 blink frogs
  Sigmund (D:6)
  58 yaks
  A shadow (D:11)
  4 steam dragons
  5 wyverns
  5 wraiths
  4 basilisks
  6 vampire mosquitoes
  4 wargs (D:10)
  An acid dragon (D:6)
  13 water moccasins
  Duvessa (D:6)
  2 orc warriors
  A hornet zombie (D:7)
  3 ice beasts
  A black bear (Lair:2)
  4 necrophages
  32 wolves
  4 centaurs
  5 ogres
  2 kobold brigands
  12 bullfrogs
  3 scorpions
  2 wyvern zombies
  A gnoll sergeant (D:9)
  Dowan (D:6)
  A water moccasin skeleton (D:6)
  3 killer bees (D:11)
  14 wights
  5 electric eels (D:7)
  2 howler monkeys
  8 centaur zombies
  2 human zombies
  7 hounds
  2 jellies
  4 orc priests
  A centaur skeleton (D:4)
  5 iguanas
  8 orc wizards
  A killer bee zombie (D:9)
  2 hound skeletons (D:5)
  2 howler monkey zombies (D:9)
  6 mummies
  13 adders
  8 gnolls
  A howler monkey skeleton (D:6)
  A shadow imp (D:7)
  3 ufetubi
  2 adder skeletons
  2 worms
  A dart slug (D:1)
  22 orcs
  12 ball pythons
  2 bats
  7 endoplasms
  6 giant cockroaches
  9 goblins
  4 hobgoblins
  4 jackals (D:5)
  6 quokkas
  5 frilled lizards
  A goblin zombie (Ossuary)
  2 hobgoblin zombies (Ossuary)
  10 kobolds
  2 kobold zombies (Ossuary)
  An orc zombie (Ossuary)
  4 rats
459 creatures vanquished.

Vanquished Creatures (collateral kills)
  6 hydras
  10 death yaks
  15 elephants
  2 black mambas
  4 cane toads
  A rime drake (Lair:4)
  5 komodo dragons
  9 polar bears
  5 dream sheep
  9 blink frogs
  A wyvern (Lair:6)
  28 yaks
  A basilisk (Lair:5)
  A vampire mosquito (Lair:3)
  2 nagas (Lair:4)
  6 water moccasins
  10 wolves
  A bullfrog (Lair:2)
  An electric eel (Lair:1)
  2 orcs
119 creatures vanquished.

Vanquished Creatures (others)
  4 orc priests
  5 orc wizards
  6 orcs
  62 fungi
  89 plants
166 creatures vanquished.

Grand Total: 744 creatures vanquished

Notes
Turn   | Place    | Note
-------+----------+-------------------------------------------
     0 | D:1      | oldmanjim the Hill Orc Fighter began the quest for the Orb.
     0 | D:1      | Reached XP level 1. HP: 19/19 MP: 1/1
    24 | D:1      | Found Fitim's Book Boutique.
    35 | D:1      | Found a faded altar of an unknown god.
   262 | D:1      | Reached XP level 2. HP: 27/27 MP: 2/2
   787 | D:1      | Reached XP level 3. HP: 28/33 MP: 3/3
  1252 | D:2      | Found Ygor's Antique Weapon Boutique.
  1296 | D:2      | Found Til Unoi's Antique Armour Shop.
  1297 | D:2      | Found Toohuanu's Assorted Antiques.
  1674 | D:2      | Found Pireyg's Assorted Antiques.
  2049 | D:2      | Reached XP level 4. HP: 40/40 MP: 4/4
  3119 | D:3      | Noticed a necrophage
  3127 | D:3      | Killed a necrophage
  3128 | D:3      | Reached skill level 5 in Axes
  3128 | D:3      | Reached skill level 5 in Shields
  3128 | D:3      | Reached XP level 5. HP: 42/46 MP: 5/5
  3743 | D:4      | Reached XP level 6. HP: 51/52 MP: 6/6
  3824 | D:4      | Identified the +2 leather armour "Kasuga" {rPois Will+++
                  | Dex+2 SInv}
  3929 | D:4      | Became a worshipper of Beogh the Brigand
  3957 | D:4      | Found a staircase to the Ecumenical Temple.
  4188 | D:4      | Noticed a yak
  4188 | D:4      | Noticed a yak
  4188 | D:4      | Noticed a yak
  4188 | D:4      | Noticed a yak
  4188 | D:4      | Noticed a yak
  4221 | D:3      | Killed a yak
  4222 | D:3      | Reached XP level 7. HP: 32/59 MP: 7/7
  4431 | D:4      | Noticed a yak
  4547 | D:4      | Killed a yak
  4684 | D:4      | Killed a yak
  4739 | D:3      | Killed a yak
  4740 | D:3      | Reached XP level 8. HP: 61/66 MP: 8/8
  5363 | D:3      | Killed a yak
  6054 | D:4      | Killed a yak
  6384 | D:5      | Entered Level 5 of the Dungeon
  6393 | D:5      | Found a sand-covered staircase.
  6397 | Ossuary  | Entered an ossuary
  7161 | D:5      | Found a glowing silver altar of Zin.
  7270 | D:5      | Reached skill level 10 in Axes
  7426 | D:5      | Found a runed translucent door.
  7430 | D:5      | Noticed bilbop's ghost (novice DjCj)
  7459 | D:5      | Killed bilbop's ghost
  7460 | D:5      | Reached XP level 9. HP: 38/71 MP: 9/9
  8322 | D:6      | Reached * piety under Beogh
  8421 | D:6      | Reached skill level 10 in Shields
  8441 | D:6      | Noticed a two-headed ogre
  8445 | D:6      | Killed a two-headed ogre
  8769 | D:6      | Identified the +11 flail "Zaplento" {holy, Dex+4 Stlth+}
  8984 | D:6      | Reached XP level 10. HP: 72/78 MP: 10/10
  9026 | D:6      | Found Iauck's Incredible Inventory.
  9034 | D:6      | Bought a scroll of identify for 26 gold pieces
  9370 | D:6      | Noticed Duvessa
  9371 | D:6      | Noticed Sigmund
  9372 | D:6      | Noticed Dowan
  9383 | D:6      | Killed Duvessa
  9385 | D:6      | Killed Dowan
  9392 | D:6      | Killed Sigmund
  9421 | D:6      | Noticed Grinder
  9431 | D:6      | Killed Grinder
  9891 | D:6      | Found a hazy altar of Hepliaklqana.
 10836 | D:7      | Reached skill level 1 in Invocations
 11352 | D:7      | Reached ** piety under Beogh
 13395 | D:8      | Noticed a two-headed ogre
 13474 | D:7      | Reached skill level 5 in Fighting
 13683 | D:8      | Killed a two-headed ogre
 13684 | D:8      | Reached XP level 11. HP: 33/89 MP: 12/14
 13803 | D:8      | Found a staircase to the Lair.
 14382 | D:9      | Reached *** piety under Beogh
 14446 | D:9      | Noticed a wizard
 14454 | D:9      | Killed a wizard
 14455 | D:9      | Reached skill level 5 in Invocations
 14584 | D:9      | Found an ancient bone altar of Kikubaaqudgha.
 15318 | D:10     | Entered Level 10 of the Dungeon
 15325 | D:10     | Noticed Josephine
 15350 | D:10     | Killed Josephine
 15355 | D:10     | Reached **** piety under Beogh
 15427 | D:10     | Noticed a boulder beetle
 15452 | D:10     | Killed a boulder beetle
 15453 | D:10     | Reached skill level 15 in Axes
 15800 | D:10     | Found a staircase to the Orcish Mines.
 16009 | D:10     | Noticed Urug
 16016 | D:9      | Reached XP level 12. HP: 96/100 MP: 17/17
 16111 | D:10     | Killed Urug
 16234 | D:10     | Noticed Erica
 16258 | D:10     | Killed Erica
 16571 | D:11     | Found a snail-covered altar of Cheibriados.
 17293 | D:12     | Noticed Jorgrun
 17476 | Lair:1   | Entered Level 1 of the Lair of Beasts
 17599 | Lair:1   | Reached skill level 10 in Invocations
 17609 | Lair:1   | Reached ***** piety under Beogh
 17771 | Orc:1    | Entered Level 1 of the Orcish Mines
 17885 | Lair:1   | Noticed a six-headed hydra
 17894 | Lair:1   | Killed a six-headed hydra
 17966 | Lair:1   | Gained Bogrim as an ally
 18020 | Lair:1   | Reached skill level 15 in Shields
 18082 | Lair:1   | Your ally Bogrim died
 18098 | Lair:1   | Reached XP level 13. HP: 93/105 MP: 20/20
 18821 | Lair:1   | Identified the ring "Qanol" {Fire Dex+4}
 19346 | Lair:2   | Found a frozen archway.
 19382 | Lair:2   | Gained Okrist as an ally
 19394 | IceCv    | Entered an ice cave
 19481 | IceCv    | Found the +7 great mace "Undeadhunter" {disrupt, rN+}
 19577 | IceCv    | Upgraded the game from 0.27-a0-1065-ge809cff456 to
                  | 0.27-a0-1071-ga85bd9520d
 19690 | IceCv    | Reached skill level 10 in Fighting
 19697 | IceCv    | Gained Orik as an ally
 19842 | IceCv    | Noticed a frost giant
 19868 | IceCv    | Killed a frost giant
 20282 | Lair:2   | Reached skill level 1 in Evocations
 20302 | Lair:2   | Reached skill level 1 in Dodging
 21681 | Lair:2   | Reached XP level 14. HP: 106/121 MP: 24/24
 22077 | Lair:3   | Found a staircase to the Swamp.
 22812 | Lair:4   | You fall into a shaft and drop 1 floor!
 23126 | Lair:4   | Reached ****** piety under Beogh
 23146 | Lair:4   | Found a staircase to the Snake Pit.
 23682 | Lair:5   | Reached skill level 15 in Invocations
 23772 | Lair:5   | Reached skill level 5 in Evocations
 23969 | Lair:5   | Reached skill level 5 in Dodging
 24450 | Lair:5   | Upgraded the game from 0.27-a0-1071-ga85bd9520d to
                  | 0.27-a0-1081-ge8a0a9c698
 24468 | Lair:6   | Entered Level 6 of the Lair of Beasts
 24526 | Lair:5   | Gained Zorug as an ally
 24879 | Lair:5   | Reached skill level 5 in Armour
 25280 | Lair:5   | Reached XP level 15. HP: 129/129 MP: 26/26
 25687 | Lair:6   | Gained Beowulf as an ally
 25693 | Lair:6   | Upgraded the game from 0.27-a0-1081-ge8a0a9c698 to
                  | 0.27-a0-1140-g099f9bb0e8
 26022 | Lair:6   | Gained Oruk as an ally
 26025 | Lair:6   | Mangled by a komodo dragon

Illustrated notes

Levels and vault maps discovered:
D:1:      scummos_arrival_hexagon, layout_basic, basic_ecumenical_altar,
          serial_shops, shop
D:2:      layout_loops_ring, serial_shops, shop, shop, shop,
          nicolae_shop_statue_plus
D:3:      layout_loops_corners, st_stairs_6
D:4:      layout_rooms, minmay_temple_entry_grid, kennysheep_path_1
D:5:      layout_loops_corners, zin_academy, ebering_ghost_sewer_d,
          nicolae_ossuary_entry_plus
D:6:      minmay_chambers_of_sixes, layout_gridville, nicolae_alphabet_shops,
          minmay_ruined_shrine, uniq_grinder, uniq_sigmund, uniq_duvessa
D:7:      layout_basic, chequers_big_river
D:8:      layout_cave_pools, due_lair_maze_entry_diamond
D:9:      layout_gridville, lemuel_mausoleum_altar_kikubaaqudgha,
          minmay_microvault
D:10:     layout_rooms, minmay_orc_entry_guard_dogs, uniq_josephine, uniq_urug,
          uniq_erica
D:11:     layout_stronghold, cheibrodos_worm_habitat
D:12:     layout_rooms, dk_vineyard_1, minmay_misc_feat_plants, uniq_jorgrun
Lair:1:   layout_chaotic_city, serial_bayou_ford_a, minivault_23,
          infiniplex_staircase_pool
Lair:2:   layout_cave_pods, portal_ice_cave_demonic_guard, hibernation_bobbens,
          grunt_megastairs_4
Lair:3:   layout_cave_shapes, minmay_swamp_entry_swarm
Lair:4:   layout_cave_pods, minmay_snake_entry_guardpost_small, enter_volcano_2,
          grunt_megastairs_3
Lair:5:   layout_loops_ring, lemuel_fruit_tree, serial_bayou_shore_b
Lair:6:   cheibrodos_lair_end_hotspot, layout_misc_corridors, slime_altar_2
Orc:1:    layout_diamond_mine, minmay_orc_barracks, uniq_erolcha

Skill      XL: |  1  2  3  4  5  6  7  8  9 10 11 12 13 14 15 |
---------------+----------------------------------------------+-----
Fighting       | 4 5 7 10 11 | 11.5
Axes           | 3 4 5 7 8 10 12 14 15 16 | 16.0
Shields        | 4 5 6 7 9 10 12 13 15 | 15.0
Invocations    | 4 7 10 14 15 16 | 16.1
Evocations     | 2 5 |  5.0
Dodging        | 2 5 |  5.0
Armour         | 6 |  6.7
Slings         | |  0.5

Action                   |  1- 3 |  4- 6 |  7- 9 | 10-12 | 13-15 || total
-------------------------+-------+-------+-------+-------+-------++-------
Melee: War axe           |    86 |   156 |   186 |       |       ||   428
       Hand axe          |       |       |    10 |       |       ||    10
       Flail             |       |       |     6 |   611 |   631 ||  1248
 Fire: Hunting sling     |    47 |    30 |    30 |   108 |    19 ||   234
Throw: Dart              |       |     2 |       |    50 |       ||    52
       Boomerang         |       |       |       |     4 |     7 ||    11
Invok: Convert to Beogh  |       |     1 |       |       |       ||     1
       Smiting           |       |       |       |       |     7 ||     7
       Recall Orcish Fol |       |       |       |       |     6 ||     6
       Give Item to Name |       |       |       |       |     4 ||     4
       Stop Recall       |       |       |       |       |     2 ||     2
Evoke: Wand              |       |       |       |       |     2 ||     2
  Use: Scroll            |       |       |    11 |     5 |    13 ||    29
       Potion            |       |       |       |       |     1 ||     1
 Stab: Sleeping          |       |       |       |     8 |     5 ||    13
       Distracted        |       |       |       |     3 |     9 ||    12
Armor: Scale mail        |    37 |    68 |       |       |       ||   105
       Leather armour    |       |     8 |    30 |   141 |   215 ||   394
Dodge: Dodged            |    29 |    60 |    46 |   215 |   256 ||   606
Block: Kite shield       |    46 |    90 |    85 |   495 |   669 ||  1385

Table legend: (Time is in decaauts)
 A = Elapsed time spent in this place.
 B = Non-inter-level travel time spent in this place.
 C = Inter-level travel time spent in this place.
 D = Time resting spent in this place.
 E = Time spent auto-exploring this place.
 F = Levels seen in this place.
 G = Mean time per level.
                   A        B        C        D        E       F      G
               +--------+--------+--------+--------+--------+-----+--------+
         Total |  26265 |  25210 |   1055 |   3696 |  14467 |  21 | 1250.7 |
       Dungeon |  17601 |  16742 |    859 |   2825 |  10840 |  12 | 1466.8 |
          Lair |   7309 |   7113 |    196 |    738 |   3289 |   6 | 1218.2 |
  Orcish Mines |    146 |    146 |      0 |      0 |      0 |   1 |  146.0 |
       Ossuary |    447 |    447 |      0 |      0 |    318 |   1 |  447.0 |
      Ice Cave |    759 |    759 |      0 |    133 |     20 |   1 |  759.0 |
               +--------+--------+--------+--------+--------+-----+--------+

Top non-repeatable levels by time:
     D:7: 3218 daAuts
     D:3: 2895 daAuts
     D:6: 2265 daAuts
  Lair:5: 1555 daAuts
     D:2: 1395 daAuts
     D:4: 1347 daAuts
  Lair:1: 1343 daAuts
  Lair:2: 1322 daAuts
  Lair:3: 1306 daAuts
     D:5: 1248 daAuts
    D:10: 1125 daAuts
     D:1: 1069 daAuts
    D:11: 1058 daAuts
     D:9: 1022 daAuts
  Lair:4: 958 daAuts
